 Dungeon Crawl Stone Soup version 0.32-a0-39-g5c88369fb2 (webtiles) character file.

Game seed: 8160720967055307969

130865 Morbidden the Brawler (level 16, -10/153 HPs)
             Began as a Troll Shapeshifter on Jan 23, 2024.
             Was the Champion of Cheibriados.
             Incinerated by a sun moth (22 damage)
             ... with a flurry of pyrophoric scales
             ... on level 2 of the Spider Nest on Jan 25, 2024.
             The game lasted 00:38:36 (22539 turns).

Morbidden the Brawler (Troll Shapeshifter)         Turns: 22539, Time: 00:38:37

Health: -10/153    AC: 16    Str: 47    XL:     16   Next: 54%
Magic:  12/21      EV: 15    Int: 21    God:    Cheibriados [******]
Gold:   2036       SH: 22    Dex: 24    Spells: 15/15 levels left

rFire   . .          .
                       - Unarmed
rCold   . . .        e - +5 Storm Queen's Shield {shock, Fly rElec}
rNeg    . . .        b - +1 swamp dragon scales
rPois   +            (helmet currently unavailable)
rElec   +            (cloak currently unavailable)
rCorr   .            (gloves unavailable)
SInv    .            (boots unavailable)
Will    +....        n - amulet of reflection
Stlth   +            B - +4 ring of protection
HPRegen 1.25/turn    A - +4 ring of slaying
MPRegen 0.17/turn

%: reflection
@: on fire, beast-form, flying, very slightly contaminated, glowing, very slow
A: beast (slay +4), large, unfitting armour, claws 3, regeneration 1, shaggy fur
1, tough skin 1
a: Begin Untransformation, Renounce Religion, Bend Time, Temporal Distortion,
Slouch, Step From Time


You were on level 2 of the Spider Nest.
You worshipped Cheibriados.
Cheibriados was exalted by your worship.
You were a hulking beast.
You visited 5 branches of the dungeon, and saw 25 of its levels.
You also visited: Volcano.

You collected 2478 gold pieces.
You spent 442 gold pieces at shops.

Inventory:

Hand Weapons
 L - a +2 heavy bardiche
 W - a +1 great mace of flaming
Missiles
 m - 6 stones (quivered)
 p - 10 large rocks
 w - 60 poisoned darts
 F - 36 boomerangs
 H - 12 javelins
 I - 2 curare-tipped darts
 P - 2 throwing nets
Armour
 b - +1 swamp dragon scales (worn)
 e - the +5 Storm Queen's Shield (worn) {shock, Fly rElec}
   (You found it on level 10 of the Dungeon)

   Shock:     When it blocks an attack, it may electrocute the attacker.
   This works even against foes who are a short distance away.
   rElec:     It insulates you from electricity.
   Fly:       It grants you flight.
Jewellery
 j - a ring of see invisible
 l - the ring "Eniareacw" {*Slow rElec rPois Will++ Dex+6}
   (You found it on level 5 of the Lair of Beasts)

   [ring of dexterity]

   Dex+6:     It affects your dexterity (+6).
   rElec:     It insulates you from electricity.
   rPois:     It protects you from poison Will++: It greatly increases your
   willpower.
   *Slow:     It may slow you when you take damage.
 n - an amulet of reflection (around neck)
 r - a ring of fire
 A - a +4 ring of slaying (right claw)
 B - a +4 ring of protection (left claw)
 X - a ring of protection from fire
 Z - a ring of protection from cold
Talismans
 c - a beast talisman
 d - a flux talisman
 q - a serpent talisman
 E - a blade talisman
Wands
 o - a wand of paralysis (14)
 C - a wand of mindburst (4)
 N - a wand of flame (9)
 O - a wand of light (11)
 S - a wand of digging (4)
 T - a wand of roots (27)
Scrolls
 f - 2 scrolls of enchant weapon
 i - 5 scrolls of teleportation
 k - 3 scrolls of fog
 u - 6 scrolls of revelation
 v - 10 scrolls of blinking
 x - 6 scrolls of poison
 y - 3 scrolls of amnesia
 M - 2 scrolls of immolation
 Y - a scroll of acquirement
Potions
 a - 4 potions of enlightenment
 g - 11 potions of curing
 h - 3 potions of cancellation
 s - 3 potions of haste
 z - a potion of magic
 G - a potion of berserk rage
 J - 5 potions of heal wounds
 K - a potion of resistance
 Q - a potion of ambrosia
 R - 9 potions of lignification
 U - a potion of brilliance
 V - a potion of might
Miscellaneous
 t - a box of beasts
 D - a phial of floods


   Skills:
 * Level 8.4 Fighting
 * Level 9.6 Throwing
 + Level 6.3 Armour
 * Level 8.2 Dodging
 + Level 2.3 Stealth
 * Level 6.2 Shields
 * Level 17.3 Unarmed Combat
 * Level 8.5 Invocations
 * Level 5.7 Evocations
 * Level 9.9 Shapeshifting


You had 15 spell levels left.
You didn't know any spells.
Your spell library contained the following spells:

 Spells                   Type           Power      Damage    Failure   Level
 Apportation              Tloc           0%         N/A       32%         1
 Necrotise                Necr           0%         1d4       32%         1
 Sandblast                Erth           0%         2d4       32%         1
 Sting                    Conj/Alch      0%         1d3       32%         1
 Summon Small Mammal      Summ           0%         N/A       32%         1
 Ensorcelled Hibernation  Hex/Ice        0%         N/A       43%         2
 Lesser Beckoning         Tloc           0%         N/A       43%         2
 Gell's Gravitas          Tloc           0%         N/A       67%         3
 Passwall                 Erth           0%         N/A       67%         3
 Stone Arrow              Conj/Erth      0%         3d7       67%         3
 Swiftness                Air            0%         N/A       67%         3
 Teleport Other           Tloc           0%         N/A       67%         3
 Vampiric Draining        Necr           0%         2d6       67%         3
 Animate Armour           Summ/Erth      0%         N/A       97%         4
 Brom's Barrelling Bould  Conj/Erth      0%         2d3       97%         4
 Martyr's Knell           Necr/Summ      0%         N/A       97%         4
 Summon Lightning Spire   Summ/Air       0%         N/A       97%         4
 Curse of Agony           Necr           0%         N/A       100%        5
 Lee's Rapid Deconstruct  Erth           0%         3d4*      100%        5
 Summon Forest            Summ/Tloc      0%         N/A       100%        5
 Summon Mana Viper        Hex/Summ       0%         N/A       100%        5
 Summon Cactus Giant      Summ           0%         N/A       100%        6


Dungeon Overview and Level Annotations

Branches:
Dungeon (15/15)            Temple (1/1) D:6            Lair (5/5) D:9
 Shoals (0/4) Lair:3       Spider (2/4) Lair:2        Slime (0/5) Lair:5
    Orc (2/2) D:9             Elf (0/3) Orc:2        Vaults (0/5) D:14
 Depths (0/4) D:15        Volcano (visited)

Altars:
Ashenzari
Cheibriados
Dithmenos
Elyvilon
Fedhas
Gozag
Hepliaklqana
Kikubaaqudgha
Makhleb
Nemelex Xobeh
Okawaru
Qazlal
Ru
Sif Muna
Trog
Uskayaw
Vehumet
Wu Jian
Xom
Yredelemnul
Zin
The Shining One
Jiyva

Shops:
D:4 ?   Orc:2 =[*?

Annotations:
D:10 3 runed translucent doors
Spider:1 1 runed translucent door, peterlawrence's ghost, journeyman MiFi


Innate Abilities, Weirdness & Mutations

You are a hulking beast.
Your limbs bulge with bestial killing power. (Slay +4)
You are too large for most types of armour.
You have claws for hands.
Your natural rate of healing is unusually fast.
You are covered in fur. (AC +1)
You have tough skin. (AC +1)


Message History

Cheibriados appreciates the change of pace.
The liquid fire burns you!
* * * LOW HITPOINT WARNING * * *
You block the radroach's attack. x2
Unknown command.
Unknown command.
Unknown command.
Unknown command.
You feel much better. The liquid fire burns you!
* * * LOW HITPOINT WARNING * * *
The radroach bites you.
* * * LOW HITPOINT WARNING * * *
You block the radroach's attack.
Unknown command.
Unknown command.
Unknown command.
Unknown command.
You mangle the radroach!!
The radroach is almost dead.
The liquid fire burns you!
* * * LOW HITPOINT WARNING * * *
Unknown command.
Unknown command.
Unknown command.
Unknown command.
You scratch the radroach.
The radroach is almost dead.
The liquid fire burns you!
* * * LOW HITPOINT WARNING * * *
You block the radroach's attack.
Your shield discharges, shocking the radroach!
You kill the radroach!
Cheibriados appreciates the change of pace.
Your life force feels restored.
Unknown command.
Unknown command.
You shake off some of the fire as you move.
The liquid fire burns you!
You die...

.)#..#.##.<†#...#...^.##...
) ........†.##).#.......#.#
#......###..#..#......#...
~#.... ..........####....
#.## #.....#.<.#..?..## #
#......#..........
..#..#.#...##....
.#.....#.†..# .# ..
...#^h...## ..#...†.....~#
#.#...#..##≈ ..........#
#..$..####.## #^.### ...
..#. ... #... .!.


There were no monsters in sight!

Vanquished Creatures
  A storm dragon (D:10)
  2 emperor scorpions
  2 spark wasps
  Josephine (Orc:2)
  A fire dragon (Lair:5)
  A quicksilver dragon zombie (D:15)
  2 entropy weavers
  7 hydras
  3 radroaches
  3 ogre magi
  A sphinx zombie (D:15)
  8 two-headed ogres
  2 centaur warriors
  3 catoblepae
  5 boulder beetles
  8 death yaks
  A vampire mage (D:15)
  A hell hog (Lair:5)
  4 orc high priests
  A tengu warrior (D:15)
  A sun demon (Volcano)
  11 demonic crawlers
  A deep elf knight (D:14)
  2 skeletal warriors (D:15)
  3 sixfirhies (D:10)
  2 skysharks
  3 pharaoh ants
  2 sun moths
  An orb spider (Spider:1)
  4 lindwurms
  2 deep elf zephyrmancers
  3 steelbarb worms
  A necromancer (D:15)
  5 orc knights
  3 orc sorcerers
  2 deep elf pyromancers
  2 manticores
  18 ugly things
  8 wolf spiders
  A cyclops (D:11)
  3 black mambas
  14 elephants
  Joseph (D:8)
  A molten gargoyle (Volcano)
  3 gargoyles
  4 kobold blastminers
  8 torpor snails
  12 cane toads
  Maggie (D:7)
  2 rime drakes (Lair:3)
  4 kobold demonologists
  A tengu conjurer (D:10)
  4 red devils
  8 komodo dragons
  3 tyrant leeches (Lair:5)
  8 tarantellas
  8 trolls
  7 hornets (Lair:5)
  10 polar bears
  2 raiju
  A spriggan zombie (D:15)
  10 blink frogs
  11 dream sheep (Lair:5)
  13 jumping spiders
  An air elemental (D:10)
  8 culicivoras
  A shadow (D:11)
  6 basilisks
  7 wraiths
  A vampire (D:11)
  5 fire bats (Volcano)
  47 yaks
  7 wargs
  7 redbacks
  Menkaure (D:7)
  6 vampire mosquitoes
  An acid dragon (D:11)
  14 hell hounds (Lair:5)
  15 water moccasins
  4 sky beasts
  2 ice beasts
  18 orc warriors
  2 laughing skulls (D:15)
  13 black bears
  27 wolves
  6 ogres
  A boggart (D:14)
  6 centaurs
  A phantom (D:4)
  9 kobold brigands
  13 bullfrogs
  2 gnoll sergeants
  5 scorpions
  5 killer bees (D:9)
  A howler monkey (shapeshifter) (D:15)
  3 howler monkeys (D:8)
  7 jellies
  4 lava snakes (Volcano)
  3 bombardier beetles (D:5)
  5 hounds
  13 orc priests
  A gnoll bouda (D:5)
  Terence (D:2)
  A sleepcap (D:6)
  Jessica (D:2)
  4 iguanas
  26 orc wizards
  12 hell rats (Lair:5)
  Robin (D:2)
  9 adders
  14 gnolls
  3 white imps
  2 ribbon worms
  A dart slug (D:4)
  64 orcs
  6 ball pythons
  An endoplasm (D:4)
  5 giant cockroaches
  9 hobgoblins
  3 jackals (D:1)
  27 kobolds
  6 quokkas
  2 bats
  A frilled lizard (D:1)
  14 goblins
  4 rats
766 creatures vanquished.

Vanquished Creatures (others)
  A broodmother (Spider:1)
  A manticore (D:12)
  A kobold brigand (D:14)
  An orc priest (Orc:2)
  An orc wizard (Orc:1)
5 creatures vanquished.

Grand Total: 771 creatures vanquished

Notes
Turn   | Place    | Note
-------+----------+-------------------------------------------
     0 | D:1      | Morbidden the Troll Shapeshifter began the quest for the
                  | Orb.
     0 | D:1      | Reached XP level 1. HP: 18/18 MP: 0/0
   212 | D:1      | Reached skill level 1 in Fighting
   212 | D:1      | Reached XP level 2. HP: 27/27 MP: 1/1
   388 | D:1      | Reached XP level 3. HP: 31/33 MP: 2/2
   740 | D:2      | Noticed Jessica
   750 | D:2      | Killed Jessica
   801 | D:2      | Reached XP level 4. HP: 41/41 MP: 3/3
   969 | D:2      | Noticed Terence
   976 | D:2      | Killed Terence
   977 | D:2      | Reached skill level 4 in Unarmed Combat
  1068 | D:2      | Noticed Robin
  1080 | D:2      | Killed Robin
  1089 | D:2      | Reached skill level 1 in Throwing
  1111 | D:2      | Reached XP level 5. HP: 48/48 MP: 4/4
  1574 | D:4      | Noticed a phantom
  1589 | D:4      | Killed a phantom
  1590 | D:4      | Reached skill level 5 in Unarmed Combat
  1746 | D:4      | Reached XP level 6. HP: 55/55 MP: 5/5
  1818 | D:4      | Found Wakhib Pazo's Magic Scroll Boutique.
  1826 | D:4      | Bought a scroll of teleportation for 33 gold pieces
  2434 | D:3      | Found a faded altar of an unknown god.
  2438 | D:3      | Found a shimmering altar of Xom.
  2651 | D:3      | Found an ancient bone altar of Kikubaaqudgha.
  2766 | D:5      | Entered Level 5 of the Dungeon
  2824 | D:5      | Reached skill level 6 in Unarmed Combat
  2837 | D:5      | Reached XP level 7. HP: 57/63 MP: 6/6
  3232 | D:5      | Found a snail-covered altar of Cheibriados.
  3237 | D:5      | Reached skill level 7 in Unarmed Combat
  3240 | D:5      | Became a worshipper of Cheibriados the Contemplative
  3511 | D:5      | Reached XP level 8. HP: 74/74 MP: 7/7
  3874 | D:6      | Found a staircase to the Ecumenical Temple.
  3901 | Temple   | Entered the Ecumenical Temple
  4873 | D:6      | Reached skill level 1 in Shields
  4987 | D:6      | Reached skill level 1 in Invocations
  5040 | D:6      | Reached skill level 1 in Stealth
  5139 | D:6      | Reached skill level 8 in Unarmed Combat
  5804 | D:7      | Reached * piety under Cheibriados
  5933 | D:7      | Reached XP level 9. HP: 81/81 MP: 9/9
  6073 | D:4      | Bought 3 scrolls of blinking for 247 gold pieces
  6166 | D:7      | Noticed Maggie
  6174 | D:7      | Killed Maggie
  6322 | D:7      | Reached skill level 5 in Shapeshifting
  6419 | D:7      | Noticed Menkaure
  6431 | D:7      | Reached skill level 9 in Unarmed Combat
  6432 | D:7      | Killed Menkaure
  6627 | D:8      | Reached ** piety under Cheibriados
  6781 | D:8      | Found a glowing silver altar of Zin.
  6791 | D:8      | Noticed a two-headed ogre
  6798 | D:8      | Killed a two-headed ogre
  6982 | D:8      | Reached skill level 10 in Unarmed Combat
  6987 | D:8      | Reached skill level 1 in Armour
  6987 | D:8      | Reached XP level 10. HP: 92/92 MP: 11/11
  7050 | D:8      | Found a white marble altar of Elyvilon.
  7238 | D:8      | Noticed Joseph
  7248 | D:8      | Killed Joseph
  7456 | D:9      | Noticed a death yak
  7528 | D:9      | Found a staircase to the Lair.
  7528 | D:9      | Noticed a death yak
  7528 | D:9      | Noticed a death yak
  7546 | D:9      | Noticed a death yak
  7554 | D:9      | Killed a death yak
  7559 | D:9      | Killed a death yak
  7560 | D:9      | Reached skill level 11 in Unarmed Combat
  7566 | D:9      | Killed a death yak
  7567 | D:9      | Noticed a death yak
  7570 | D:9      | Killed a death yak
  7578 | D:9      | Reached XP level 11. HP: 36/101 MP: 11/13
  7661 | D:9      | Killed a death yak
  7853 | D:9      | Reached *** piety under Cheibriados
  7975 | D:9      | Noticed a two-headed ogre
  7999 | D:9      | Killed a two-headed ogre
  8000 | D:9      | Reached skill level 5 in Throwing
  8253 | D:9      | Found a staircase to the Orcish Mines.
  8268 | D:9      | Reached **** piety under Cheibriados
  8418 | D:10     | Entered Level 10 of the Dungeon
  8550 | D:10     | Reached skill level 5 in Dodging
  8620 | D:10     | Noticed a two-headed ogre
  8624 | D:10     | Killed a two-headed ogre
  8625 | D:10     | Reached skill level 5 in Fighting
  8706 | D:10     | Found a runed translucent door.
  8713 | D:10     | Noticed a spark wasp
  8715 | D:10     | Noticed a sixfirhy
  8715 | D:10     | Noticed a sixfirhy
  9008 | D:10     | Found a runed translucent door.
  9011 | D:10     | Noticed a deep elf zephyrmancer
  9013 | D:10     | Noticed a sixfirhy
  9015 | D:10     | Noticed a storm dragon
  9016 | D:10     | Found a runed translucent door.
  9016 | D:10     | Found the +5 Storm Queen's Shield {shock, Fly rElec}
  9062 | D:10     | Found a runed translucent door.
  9314 | D:11     | Reached skill level 5 in Invocations
  9475 | D:11     | Noticed a boulder beetle
  9480 | D:11     | Killed a boulder beetle
  9481 | D:11     | Reached skill level 12 in Unarmed Combat
  9743 | D:11     | Reached XP level 12. HP: 89/111 MP: 15/15
  9835 | D:11     | Found a hide-covered altar of Uskayaw.
 10076 | Lair:1   | Entered Level 1 of the Lair of Beasts
 10092 | Lair:1   | Noticed a catoblepas
 10104 | Lair:1   | Killed a catoblepas
 10373 | Lair:1   | Reached ***** piety under Cheibriados
 10618 | Lair:1   | Identified the +8 scimitar of Benevolence {venom, rElec rC-
                  | Int+4 Dex+3}
 10715 | Lair:1   | Reached skill level 1 in Evocations
 11356 | Lair:2   | Noticed a five-headed hydra
 11363 | Lair:2   | Killed a five-headed hydra
 11370 | Lair:2   | Reached skill level 13 in Unarmed Combat
 11487 | Lair:2   | Noticed an eight-headed hydra
 11492 | Lair:2   | Killed an eight-headed hydra
 11633 | Lair:2   | Found a hole to the Spider Nest.
 11711 | Lair:2   | Noticed a boulder beetle
 11717 | Lair:2   | Killed a boulder beetle
 12255 | Lair:3   | Noticed a catoblepas
 12271 | Lair:3   | Killed a catoblepas
 12331 | Lair:3   | Reached XP level 13. HP: 115/120 MP: 16/16
 12372 | Lair:3   | Found a dark tunnel.
 12378 | Volcano  | Entered a volcano
 12552 | Volcano  | Found a radiant altar of Vehumet.
 12701 | Volcano  | Reached ****** piety under Cheibriados
 12930 | Lair:3   | Found a staircase to the Shoals.
 13827 | Lair:4   | Upgraded the game from 0.32-a0-35-gd9ff480968 to
                  | 0.32-a0-39-g5c88369fb2
 13859 | Lair:4   | Reached skill level 14 in Unarmed Combat
 14319 | Lair:4   | Identified a scroll of acquirement
 14342 | Lair:5   | Entered Level 5 of the Lair of Beasts
 14350 | Lair:5   | Reached skill level 5 in Armour
 14472 | Lair:5   | Reached XP level 14. HP: 103/131 MP: 12/18
 14609 | Lair:5   | Found a staircase to the Slime Pits.
 14610 | Lair:5   | Found a viscous altar of Jiyva.
 14723 | Lair:5   | Identified the ring "Eniareacw" {*Slow rElec rPois Will++
                  | Dex+6}
 14910 | Lair:5   | Reached skill level 15 in Unarmed Combat
 15020 | Lair:5   | Identified the +3 great mace "Abanous" {drain, rElec rN+++
                  | Str-3 Int+3}
 16188 | D:10     | Killed a storm dragon
 17049 | D:13     | Reached XP level 15. HP: 133/140 MP: 19/19
 17473 | D:14     | Paralysed by an ogre mage for 5 turns
 17478 | D:14     | HP: 7/140 [two-headed ogre/+0 dire flail (15)]
 17485 | D:14     | Reached skill level 16 in Unarmed Combat
 18051 | D:14     | Paralysed by an ogre mage for 4 turns
 18493 | D:14     | Found a gate to the Vaults.
 18531 | D:15     | Entered Level 15 of the Dungeon
 18619 | D:15     | Found a staircase to the Depths.
 19781 | Orc:1    | Entered Level 1 of the Orcish Mines
 20162 | Orc:2    | Entered Level 2 of the Orcish Mines
 20162 | Orc:2    | Noticed Josephine
 20162 | Orc:2    | Found a staircase to the Elven Halls.
 20169 | Orc:2    | Killed Josephine
 20177 | Orc:2    | Reached skill level 5 in Evocations
 20666 | Orc:2    | Found Jaet's Magic Scroll Shop.
 20666 | Orc:2    | Found Goanen's Jewellery Emporium.
 20668 | Orc:2    | Found Ciwut's General Store.
 20668 | Orc:2    | Found Wocsy's Armour Emporium.
 20683 | Orc:2    | Bought a potion of heal wounds for 65 gold pieces
 20683 | Orc:2    | Bought a scroll of revelation for 97 gold pieces
 21189 | Spider:1 | Entered Level 1 of the Spider Nest
 21356 | Spider:1 | Found a runed translucent door.
 21358 | Spider:1 | Noticed peterlawrence's ghost (journeyman MiFi)
 21366 | Spider:1 | Reached XP level 16. HP: 143/152 MP: 21/21
 21468 | Spider:1 | Reached skill level 5 in Shields
 21789 | Spider:1 | Reached skill level 17 in Unarmed Combat
 22539 | Spider:2 | Incinerated by a sun moth

Illustrated notes

Levels and vault maps discovered:
D:1:      dpeg_arrival_tiny_a, layout_loops_ring, minmay_misc_feat_ornament
D:2:      layout_loops_ring, uniq_robin, uniq_terence, uniq_jessica
D:3:      layout_rooms, nicolae_overflow_ecumenical_swirl,
          nicolae_kikubaaqudgha_miasma_corner, hangedman_decor_push,
          hangedman_decor_clover_reticule
D:4:      layout_loops_ring, serial_shops, shop, kennysheep_generic_room_12
D:5:      layout_basic, slow_altar_1, serial_aquarium, aquarium_bridge_straight
          [aquarium_subvault_bridge, aquarium_subvault_wall,
          aquarium_subvault_bridge, aquarium_subvault_balcony],
          aquarium_bridge_square [aquarium_subvault_bridge,
          aquarium_subvault_bridge, aquarium_subvault_bridge,
          aquarium_subvault_wall], aquarium_window_2, aquarium_window_corner,
          aquarium_window_1, aquarium_view_2a, aquarium_view_2c
D:6:      layout_basic, minmay_temple_entry_slanted, serial_curves,
          eino_curves_04, eino_curves_04, eino_curves_04, eino_curves_03,
          minivault_14, kennysheep_pointless_box, minmay_fractal_squares_5
D:7:      layout_basic, uniq_maggie, uniq_menkaure
D:8:      layout_loops_ring, amcnicky_altar_gilded,
          mainiacjoe_overflow_brackets, uniq_joseph
D:9:      layout_small_grid, dpeg_lair_monsters, orc_0_dummy
D:10:     layout_roguey, nicolae_guarded_unrand_storm_shield
D:11:     layout_roguey, nicolae_uskayaw_murder_on_the_dancefloor
D:12:     layout_gridville
D:13:     layout_cave_pools
D:14:     layout_loops_ring, hangedman_vaults_entry_quadrant_bands
D:15:     gammafunk_depths_entry_grave, layout_basic, minmay_misc_feat_room
Temple:   bh_familiar_temple
Lair:1:   layout_cave_shapes
Lair:2:   layout_regular_city, hellmonk_spider_entry_life_and_decay,
          chequers_serial_rivers_micro_e, lemuel_fruit_fields,
          grunt_megastairs_4, serial_bayou_shore_b
Lair:3:   layout_cellular_growth, minmay_shoals_entry_centaurs,
          nicolae_volcano_entry_s_turn
Lair:4:   layout_big_grid, chequers_serial_rivers_room_a, nicolae_lair_lindhole
Lair:5:   hangedman_lair_caniforms_friends, layout_cave_shapes, wormcave,
          nicolae_slime_entry_field_trip
Spider:1: nicolae_spider_hilbert_zone_3 [nicolae_spider_hilbert_4_sides_2_open,
          nicolae_spider_hilbert_3_sides_1_open,
          nicolae_spider_hilbert_3_sides_1_open,
          nicolae_spider_hilbert_3_sides_1_open,
          nicolae_spider_hilbert_3_sides_1_open,
          nicolae_spider_hilbert_4_sides_1_open,
          nicolae_spider_hilbert_4_sides_1_open,
          nicolae_spider_hilbert_4_sides_1_open,
          nicolae_spider_hilbert_4_sides_1_open,
          nicolae_spider_hilbert_4_sides_1_open,
          nicolae_spider_hilbert_4_sides_1_open,
          nicolae_spider_hilbert_4_sides_1_open,
          nicolae_spider_hilbert_4_sides_1_open,
          nicolae_spider_hilbert_3_sides_1_open,
          nicolae_spider_hilbert_3_sides_1_open,
          nicolae_spider_hilbert_3_sides_1_open,
          nicolae_spider_hilbert_3_sides_1_open], ebering_ghost_inner_flame,
          nicolae_crawler_farm
Spider:2: layout_spider_delve
Orc:1:    layout_caves
Orc:2:    grunt_orc_tribal_feast, layout_diamond_mine, uniq_josephine

Skill      XL: |  1  2  3  4  5  6  7  8  9 10 11 12 13 14 15 16 |
---------------+-------------------------------------------------+-----
Fighting       | 1 2 3 4 5 6 7 8 |  8.4
Unarmed Combat | 4 5 6 7 8 10 11 12 13 14 15 16 17 | 17.3
Throwing       | 1 2 3 4 6 7 8 9 |  9.6
Dodging        | 2 3 4 5 6 7 8 |  8.2
Shapeshifting  | 4 5 6 7 8 9 |  9.9
Shields        | 1 2 3 4 6 |  6.2
Invocations    | 2 4 5 6 7 8 |  8.5
Stealth        | 1 2 |  2.3
Armour         | 1 2 3 4 5 6 |  6.3
Evocations     | 1 3 4 5 |  5.7

Action                     |  1- 3 |  4- 6 |  7- 9 | 10-12 | 13-15 | 16-18 || total
---------------------------+-------+-------+-------+-------+-------+-------++-------
  Melee: Unarmed           |    62 |   119 |   165 |   325 |   731 |   144 ||  1546
         Punch             |     1 |       |     8 |    29 |    37 |       ||    75
  Throw: Stone             |       |    13 |    42 |    26 |   109 |    29 ||   219
         Javelin           |       |       |     3 |       |     2 |       ||     5
         Large rock        |       |       |     2 |     7 |       |       ||     9
         Dart              |       |       |       |    79 |    34 |       ||   113
         Boomerang         |       |       |       |     5 |    28 |     2 ||    35
         Throwing net      |       |       |       |     1 |       |       ||     1
 Invoke: Slouch            |       |       |       |     1 |     9 |     3 ||    13
  Evoke: Wand              |       |       |       |       |     4 |       ||     4
         Phial of floods   |       |       |       |       |     1 |       ||     1
    Use: Potion            |       |       |     5 |     1 |     1 |     2 ||     9
         Scroll            |       |       |       |    18 |    15 |     1 ||    34
   Stab: Sleeping          |       |     4 |     2 |       |     2 |     1 ||     9
         Distracted        |       |       |       |       |     1 |       ||     1
 Armour: Animal skin       |    30 |    51 |    69 |       |       |       ||   150
         Skin              |       |       |     8 |       |       |       ||     8
         Swamp dragon scal |       |       |    23 |   270 |   584 |    97 ||   974
  Dodge: Dodged            |    32 |    43 |    83 |   184 |   370 |    84 ||   796
  Block: Other             |       |    14 |    29 |    65 |    86 |       ||   194
         Reflection        |       |       |     1 |     2 |    40 |     2 ||    45
         Kite shield       |       |       |       |       |   338 |   216 ||   554

Table legend: (Time is in decaauts)
 A = Elapsed time spent in this place.
 B = Non-inter-level travel time spent in this place.
 C = Inter-level travel time spent in this place.
 D = Time resting spent in this place.
 E = Time spent auto-exploring this place.
 F = Levels seen in this place.
 G = Mean time per level.
                   A        B        C        D        E       F      G
               +--------+--------+--------+--------+--------+-----+--------+
         Total |  32307 |  30202 |   2105 |   2975 |  22461 |  26 | 1242.6 |
       Dungeon |  17505 |  16015 |   1490 |   1241 |  12502 |  15 | 1167.0 |
        Temple |    962 |    962 |      0 |    938 |      0 |   1 |  962.0 |
          Lair |   9008 |   8578 |    430 |    396 |   6596 |   5 | 1801.6 |
   Spider Nest |   2007 |   1989 |     18 |    237 |   1390 |   2 | 1003.5 |
  Orcish Mines |   2222 |   2057 |    165 |     33 |   1695 |   2 | 1111.0 |
       Volcano |    601 |    601 |      0 |    130 |    276 |   1 |  601.0 |
               +--------+--------+--------+--------+--------+-----+--------+

Top non-repeatable levels by time:
  Lair:5: 2367 daAuts
    D:14: 2073 daAuts
  Lair:3: 1954 daAuts
  Lair:1: 1855 daAuts
Spider:1: 1848 daAuts
  Lair:2: 1798 daAuts
    D:15: 1566 daAuts
    D:10: 1565 daAuts
   Orc:2: 1528 daAuts
     D:9: 1407 daAuts
     D:6: 1361 daAuts
    D:11: 1355 daAuts
    D:12: 1311 daAuts
     D:5: 1265 daAuts
     D:8: 1132 daAuts
